AoeStats
← aldoe3765

Arabia

510247320Analyzed
4v4 RM · 1d ago on Sep 30, 2026· 48m 18s· 8 players
Game mode
Random Map
Map size
Large (8 player)
Population
200
Speed
Normal
Resources
Standard
Victory
Conquest
Starting age
Dark Age
Ending age
Imperial Age
RankedLock teamsTeams togetherTeam positionsShared explorationLock speedFull tech treeHidden civsTurbo modeCheats
Victory
Defeat
🇲🇽 Franks · Mexico
1196
+10
🇲🇽 Saracens · Mexico
1130
+12
🇦🇷 Berbers · Argentina
984
+18
🇺🇸 Vietnamese · United States
884
+23
🇨🇱 Huns · Chile
1072
-17
🇨🇳 Saxons · China
1065
-17
🇵🇪 Japanese · Peru
1052
-16
🇧🇷 Teutons · Brazil
982
-13
DennisCC
2:34 Loom
10:38 Feudal Age
14:43 Double-Bit Axe
20:04 Castle Age
18:55 Horse Collar
19:07 Stone Mining
21:24 Squires
22:30 Bow Saw
23:11 Gold Mining
24:25 Wheelbarrow
25:53 Pikeman
26:50 Forging
26:40 Scale Mail Armor
29:06 Iron Casting
28:47 Chain Mail Armor
31:55 Gambesons
35:28 Imperial Age
33:45 Heavy Plow
35:20 Hand Cart
38:03 Two-Man Saw
37:42 Gold Shaft Mining
37:29 Conscription
37:31 Ballistics
38:38 Thumb Ring
37:54 Elite Skirmisher
41:21 Chemistry
40:32 Masonry
42:34 Blast Furnace
42:32 Kataparuto
42:12 Elite Samurai
43:32 Halberdier
46:32 Fletching
46:43 Padded Archer Armor
46:48 Scale Barding Armor
47:16 Plate Mail Armor
46:54 Siege Engineers
Zap!
11:30 Feudal Age
9:46 Loom
12:05 Double-Bit Axe
14:22 Bloodlines
15:37 Scale Barding Armor
15:44 Forging
18:36 Horse Collar
24:17 Castle Age
23:55 Gold Mining
25:38 Iron Casting
25:41 Bow Saw
25:55 Chain Barding Armor
29:42 Stone Mining
33:23 Wheelbarrow
41:43 Imperial Age
41:40 Hand Cart
41:30 Scale Mail Armor
44:00 Chain Mail Armor
46:32 Blast Furnace
45:42 Cavalier
Chico_Migraña
8:18 Loom
10:03 Feudal Age
11:12 Double-Bit Axe
18:47 Wheelbarrow
20:21 Scale Barding Armor
20:22 Horse Collar
21:22 Bloodlines
22:24 Gold Mining
25:38 Castle Age
25:30 Forging
25:10 Fletching
26:11 Light Cavalry
27:02 Bodkin Arrow
27:47 Bow Saw
27:56 Hand Cart
27:56 Thumb Ring
27:53 Padded Archer Armor
28:25 Town Watch
28:57 Husbandry
29:48 Gold Shaft Mining
30:26 Iron Casting
32:01 Town Patrol
32:02 Crossbowman
33:20 Heavy Plow
42:24 Chain Barding Armor
42:57 Elite Skirmisher
44:19 Fervor
死在星期八
5:03 Loom
9:31 Feudal Age
10:44 Double-Bit Axe
10:43 Horse Collar
15:10 Wheelbarrow
25:36 Castle Age
24:08 Forging
23:52 Fletching
24:08 Padded Archer Armor
24:30 Gold Mining
27:19 Hand Cart
27:06 Heavy Plow
28:18 Bodkin Arrow
27:50 Crossbowman
30:36 Hand Cart
34:03 Imperial Age
31:37 Town Watch
32:44 Pikeman
33:25 Squires
33:48 Scale Mail Armor
33:58 Forging
34:41 Bow Saw
35:28 Leather Archer Armor
35:28 Chain Mail Armor
35:55 Ballistics
36:21 Conscription
36:24 Bracer
37:37 Chain Mail Armor
39:23 Iron Casting
40:53 Plate Mail Armor
41:22 Gold Shaft Mining
45:49 Arbalester
MKNT NavyBlock
8:40 Loom
10:26 Feudal Age
12:41 Double-Bit Axe
17:32 Fletching
21:36 Padded Archer Armor
22:15 Horse Collar
23:15 Wheelbarrow
26:04 Castle Age
25:19 Gold Mining
25:21 Stone Mining
27:04 Thumb Ring
26:20 Crossbowman
27:01 Bodkin Arrow
27:21 Leather Archer Armor
28:06 Squires
27:29 Pikeman
29:34 Wheelbarrow
29:28 Heavy Plow
31:33 Forging
31:23 Scale Mail Armor
32:38 Hand Cart
32:25 Man-at-Arms
40:17 Imperial Age
40:40 Iron Casting
41:02 Arson
41:22 Bracer
43:44 Paper Money
44:00 Hoardings
44:43 Chain Mail Armor
44:31 Arbalester
49:19 Stone Shaft Mining
HUSEINMACO
7:17 Loom
9:43 Feudal Age
16:14 Wheelbarrow
15:39 Fletching
22:26 Castle Age
20:48 Double-Bit Axe
21:27 Padded Archer Armor
23:23 Crossbowman
24:10 Thumb Ring
29:56 Bow Saw
29:27 Horse Collar
35:03 Ballistics
34:39 Bodkin Arrow
35:01 Leather Archer Armor
36:20 Hand Cart
36:17 Gold Mining
40:24 Masonry
42:56 Imperial Age
40:17 Town Watch
40:39 Heavy Plow
41:09 Murder Holes
41:25 Gambesons
41:41 Squires
41:27 Arson
41:44 Scale Mail Armor
44:22 Bracer
43:44 Arbalester
45:26 Two-Man Saw
46:43 Ring Archer Armor
48:05 Chemistry
47:11 Siege Engineers
47:18 Forging
49:23 Hoardings
49:17 Conscription
aldoe3765
7:12 Loom
10:00 Feudal Age
10:56 Double-Bit Axe
16:39 Forging
19:11 Wheelbarrow
22:06 Castle Age
21:41 Scale Barding Armor
21:58 Gold Mining
26:15 Husbandry
28:42 Chain Barding Armor
28:57 Bow Saw
30:13 Iron Casting
35:52 Town Watch
40:05 Imperial Age
37:48 Stone Mining
39:51 Fletching
40:21 Hand Cart
40:08 Padded Archer Armor
40:31 Cavalier
42:13 Blast Furnace
43:06 Town Patrol
44:28 Chemistry
43:09 Treadmill Crane
45:46 Conscription
45:40 Paladin
48:14 Plate Barding Armor
47:35 Bodkin Arrow
MKNT | Jpanda
7:39 Loom
10:34 Feudal Age
13:51 Double-Bit Axe
15:41 Horse Collar
17:54 Scale Barding Armor
18:01 Forging
27:39 Castle Age
28:57 Heavy Plow
28:52 Gold Mining
29:17 Bow Saw
29:32 Chain Barding Armor
29:48 Iron Casting
31:48 Husbandry
33:15 Bloodlines
41:16 Imperial Age
39:39 Wheelbarrow
38:49 Town Watch
41:30 Heavy Camel Rider
Connection lost

Rejoining the realm…

Still unreachable

The connection could not be restored.

Session expired

The server has moved on; the page needs a fresh start.